 Dungeon Crawl Stone Soup version 0.30-a0-830-gfe289a77b0 (webtiles) character file.

Game seed: 1025339799018096575

256 bjtr the Digger (level 6, 0/32 HPs)
             Began as a Gargoyle Earth Elementalist on Feb 28, 2023.
             Shot with an arrow by a centaur (9 damage)
             ... on level 4 of the Dungeon on Mar 1, 2023.
             The game lasted 00:11:53 (2641 turns).

bjtr the Digger (Gargoyle Earth Elementalist)       Turns: 2641, Time: 00:11:54

Health: 0/32       AC:  6    Str: 12    XL:     6   Next: 15%
Magic:  9/11       EV: 11    Int: 17    God:
Gold:   122        SH:  0    Dex: 10    Spells: 0/12 levels left

rFire   . . .      SeeInvis .    e - +0 trident
rCold   . . .      Faith    .    (no shield)
rNeg    + . .      Spirit   .    a - +0 robe
rPois   ∞          Reflect  .    (no helmet)
rElec   +          Harm     .    (no cloak)
rCorr   .          Rampage  .    (no gloves)
Will    .....                    (no boots)
Stlth   ++                       (no amulet)
HPRegen 0.25/turn                (no ring)
MPRegen 0.12/turn                (no ring)

@: no status effects
A: sickness immunity, AC +4, negative energy resistance 1, electricity
resistance, torment resistance 1, petrification resistance
a: no special abilities


You were on level 4 of the Dungeon.
You visited 1 branch of the dungeon, and saw 4 of its levels.

You collected 122 gold pieces.

Inventory:

Hand Weapons
 d - a +0 sling
 e - a +0 trident (weapon)
 g - a +0 mace
 j - a +1 war axe of pain
Armour
 a - a +0 robe (worn)
Wands
 f - a wand of flame (20)
Scrolls
 h - a scroll of immolation
 i - 3 scrolls of identify
Potions
 b - a potion of magic
 c - 3 potions of lignification
 k - a potion of curing {unknown}


   Skills:
 + Level 0.1 Fighting
 + Level 1.5 Dodging
 - Level 2.1 Stealth
 + Level 3.5 Spellcasting
 + Level 0.0 Conjurations
 + Level 0.8 Transmutations
 + Level 0.0 Fire Magic
 * Level 6.9 Earth Magic


You couldn't memorise any spells.
You knew the following spells:

 Your Spells              Type           Power      Damage    Failure   Level
a - Sandblast             Erth           52%        2d12      1%          1
b - Passwall              Tmut/Erth      13%        N/A       4%          2
c - Stone Arrow           Conj/Erth      28%        3d8       12%         3
d - Petrify               Tmut/Erth      16%        N/A       32%         4
e - Blink                 Tloc           4%         N/A       26%         2

Your spell library contained the following spells:

 Spells                   Type           Power      Damage    Failure   Level
 Apportation              Tloc           4%         N/A       17%         1
 Necrotise                Necr           8%         1d4       17%         1
 Shock                    Conj/Air       12%        1d3       17%         1
 Summon Small Mammal      Summ           8%         N/A       17%         1
 Lesser Beckoning         Tloc           4%         N/A       26%         2
 Momentum Strike          Conj/Tloc      6%         3d8       26%         2
 Inner Flame              Hex/Fire       3%         N/A       45%         3
 Swiftness                Air            2%         N/A       45%         3
 Flame Wave               Conj/Fire      3%         2d5       85%         4
 Sticky Flame             Conj/Fire      3%         2d3       85%         4
 Airstrike                Air            1%         2d(1-17)  86%         4


Dungeon Overview and Level Annotations

Branches:
Dungeon (4/15)
 Temple: D:4-7

Altars:
Nemelex Xobeh


Innate Abilities, Weirdness & Mutations

You are immune to sickness and miasma.
Your stone body is resilient. (AC +4)
You are immune to poison.
You resist negative energy. (rN+)
You are resistant to electric shocks. (rElec)
You are resistant to unholy torment.
You are immune to petrification.


Message History

a +0 dagger; a goblin corpse An endoplasm comes into view.
The endoplasm moves out of view.
Found a stone staircase leading down.
A necrophage comes into view.
Casting: Sandblast (safe; 1% risk of failure)
Confirm with . or Enter, or press ? or * to list all spells.
You don't know that spell.
Unknown command.
You hear the slow hiss of a very distant avalanche of sand.
The endoplasm quivers.
Casting: Sandblast (safe; 1% risk of failure)
Confirm with . or Enter, or press ? or * to list all spells.
Aiming: Sandblast (safe; 1% risk of failure)
Press: ? - help, Shift-Dir - straight line, f - endoplasm
Aim: an endoplasm (98% to hit)
The blast of sand hits the endoplasm!
You kill the endoplasm!
A centaur comes into view.
Casting: Sandblast (safe; 1% risk of failure)
Confirm with . or Enter, or press ? or * to list all spells.
Aiming: Sandblast (safe; 1% risk of failure)
Press: ? - help, Shift-Dir - straight line, f - centaur
Aim: a centaur (asleep, 100% to hit)
The blast of sand hits the centaur!
The centaur is heavily wounded.
The centaur shouts!
The centaur wields a +0 shortbow.
The centaur shoots an arrow.
The arrow hits you!
The centaur shoots an arrow.
The arrow hits you!
Casting: Sandblast (safe; 1% risk of failure)
Confirm with . or Enter, or press ? or * to list all spells.
Aiming: Sandblast (safe; 1% risk of failure)
Press: ? - help, Shift-Dir - straight line, f/p - centaur
Aim: a centaur, wielding a +0 shortbow (heavily wounded, 90% to hit)
The blast of sand hits the centaur!
The centaur is almost dead.
The centaur shoots an arrow.
The arrow hits you.
* * * LOW HITPOINT WARNING * * *
The centaur shoots an arrow.
The arrow hits you!
You die...

........ .. #. ........
... #.# ........
....#.. ........ ..#..
...#### .... ...... #c.
..#### #..## ......
#..@## ......
###.#..#####.#.######.
+......................
#####...#.#........###.
#...#.# ....... ##.
#...#.# ......+.#.
#####.# .....#.#.
###....###+#.# #..#.
............#.#+#....


You could see a centaur.

Vanquished Creatures
  An orc priest (D:3)
  Terence (D:2)
  Natasha (thrice) (D:2)
  7 adders
  An ufetubus (D:4)
  2 worms (D:2)
  A dart slug (D:2)
  3 orcs (D:3)
  5 ball pythons
  3 bats
  4 endoplasms
  3 giant cockroaches (D:2)
  4 goblins
  2 hobgoblins (D:1)
  3 jackals (D:2)
  A quokka (D:3)
  2 frilled lizards
  5 kobolds
  4 rats
55 creatures vanquished.

Notes
Turn   | Place    | Note
-------+----------+-------------------------------------------
     0 | D:1      | bjtr the Gargoyle Earth Elementalist began the quest for
                  | the Orb.
     0 | D:1      | Reached XP level 1. HP: 10/10 MP: 3/3
   107 | D:1      | Reached skill level 4 in Earth Magic
   263 | D:1      | Reached XP level 2. HP: 15/15 MP: 0/5
   707 | D:2      | Reached XP level 3. HP: 8/19 MP: 3/6
   771 | D:2      | Reached skill level 5 in Earth Magic
   886 | D:2      | Noticed Terence
  1032 | D:2      | Learned a level 2 spell: Passwall
  1036 | D:2      | Learned a level 3 spell: Stone Arrow
  1219 | D:2      | Noticed Natasha
  1222 | D:2      | Reached XP level 4. HP: 24/24 MP: 4/7
  1228 | D:2      | Killed Natasha
  1324 | D:2      | Noticed Natasha
  1328 | D:2      | Killed Natasha
  1329 | D:2      | Reached skill level 6 in Earth Magic
  1329 | D:2      | Reached XP level 5. HP: 28/28 MP: 3/9
  1474 | D:2      | Noticed Natasha
  1478 | D:2      | Killed Natasha
  1525 | D:2      | Killed Terence
  1650 | D:2      | Upgraded the game from 0.30-a0-824-g6c64550be9 to
                  | 0.30-a0-830-gfe289a77b0
  1677 | D:2      | Learned a level 2 spell: Blink
  1745 | D:3      | Found a sparkling altar of Nemelex Xobeh.
  2062 | D:3      | Reached XP level 6. HP: 32/32 MP: 9/11
  2393 | D:3      | Learned a level 4 spell: Petrify
  2641 | D:4      | Shot with an arrow by a centaur

Illustrated notes

Levels and vault maps discovered:
D:1:      ncdulo_watergridlock, layout_rooms
D:2:      layout_rooms, minmay_tetromino_s2, uniq_terence, uniq_natasha
D:3:      layout_loops_ring, marbit_many_paths
D:4:      gammafunk_wand_slinger, layout_basic, minmay_temple_entry_wispy,
          serial_shops, nicolae_shop_behind_doors, nicolae_ossuary_entry_ruins,
          hangedman_decor_push

Skill      XL: |  1  2  3  4  5 |
---------------+----------------+-----
Earth Magic    | 4 5 6 |  6.9
Spellcasting   | 3 |  3.5
Fighting       | |  0.1
Dodging        | |  1.5
Stealth        | |  2.1
Transmutations | |  0.8

Action                     |  1- 3 |  4- 6 || total
---------------------------+-------+-------++-------
  Melee: Trident           |     6 |     3 ||     9
   Cast: Sandblast         |    34 |    43 ||    77
         Stone Arrow       |       |     2 ||     2
    Use: Scroll            |     6 |       ||     6
 Armour: Robe              |     5 |     3 ||     8
  Dodge: Dodged            |     8 |     9 ||    17

Table legend: (Time is in decaauts)
 A = Elapsed time spent in this place.
 B = Non-inter-level travel time spent in this place.
 C = Inter-level travel time spent in this place.
 D = Time resting spent in this place.
 E = Time spent auto-exploring this place.
 F = Levels seen in this place.
 G = Mean time per level.
                   A        B        C        D        E       F      G
               +--------+--------+--------+--------+--------+-----+--------+
         Total |   2699 |   2591 |    108 |    477 |   1611 |   4 |  674.8 |
       Dungeon |   2699 |   2591 |    108 |    477 |   1611 |   4 |  674.8 |
               +--------+--------+--------+--------+--------+-----+--------+

Top non-repeatable levels by time:
     D:2: 1027 daAuts
     D:3: 898 daAuts
     D:1: 696 daAuts
     D:4: 76 daAuts
